 Dungeon Crawl Stone Soup version 0.29.1-15-g9cfb28693d (webtiles) character file.

Game seed: 14316073678851343345

22332 boopmooplesden the Severer (level 12, -10/113 HPs)
             Began as a Minotaur Berserker on Mar 11, 2023.
             Was a High Priest of Trog.
             Mangled by PhantomBowie's ghost (14 damage)
             ... on level 2 of the Lair of Beasts.
             The game lasted 00:15:55 (14422 turns).

boopmooplesden the Severer (Minotaur Berserker)    Turns: 14422, Time: 00:15:55

Health: -10/113    AC: 26    Str: 25    XL:     12   Next: 62%
Magic:  11/11      EV: 10    Int:  9    God:    Trog [*****.]
Gold:   875        SH:  7    Dex: 18    Spells: 11/11 levels left

rFire   + . .      SeeInvis +   x - +7 hand axe "Death Rattle" {freeze, rPois}
rCold   . . .      Faith    .   s - +0 buckler
rNeg    + . .      Spirit   .   y - +2 plate armour
rPois   +          Reflect  .   V - +2 hat
rElec   +          Harm     .   (no cloak)
rCorr   .          Rampage  .   z - +2 pair of gloves
Will    ++++.                   C - +1 pair of boots of the Well-Known Yaks {Int+6}
Stlth   ..........              F - amulet of regeneration
HPRegen 2.08/turn               T - ring "Nengegur" {rElec rF+ rN+ Will+ Dex+3}
MPRegen 0.12/turn               G - ring of willpower

@: lethally poisoned (-10 -> -11), strong-willed, on berserk cooldown,
regenerating, slowed, very slow
A: horns 2, retaliatory headbutt, see invisible, agile 1
a: Renounce Religion, Berserk, Trog's Hand, Brothers in Arms


You were on level 2 of the Lair of Beasts.
You worshipped Trog.
Trog was extremely pleased with you.
You visited 2 branches of the dungeon, and saw 14 of its levels.

You collected 875 gold pieces.

Inventory:

Hand Weapons
 a - a +0 hand axe of freezing
 c - the +9 dagger of Parts Unknown {vorpal, rElec rCorr Dex-3 SInv}
   (You found it on level 3 of the Dungeon)

   It inflicts extra damage upon your enemies.
   Dex:       It affects your dexterity (-3).
   rElec:     It insulates you from electricity.
   SInv:      It lets you see invisible.
   rCorr:     It protects you from acid and corrosion.
 m - a +2 spectral hand axe
 q - the +1 morningstar of Broken Luck {vorpal, rPois rC++}
   (You found it on level 5 of the Dungeon)

   It inflicts extra damage upon your enemies.
   rC:        It greatly protects you from cold.
   rPois:     It protects you from poison.
 x - the +7 hand axe "Death Rattle" (weapon) {freeze, rPois}
   (You took it off an orc on level 4 of the Dungeon)

   It freezes those it strikes, dealing additional cold damage.
   It can also slow down cold-blooded creatures.
   rPois:     It protects you from poison.
 U - a +4 vorpal broad axe
Missiles
 O - 4 throwing nets (quivered)
Armour
 b - a +0 animal skin
 o - a +0 chain mail
 s - a +0 buckler (worn)
 y - a +2 plate armour (worn)
 z - a +2 pair of gloves (worn)
 C - the +1 pair of boots of the Well-Known Yaks (worn) {Int+6}
   (You found it on level 6 of the Dungeon)

   Int:       It affects your intelligence (+6).
 V - a +2 hat (worn)
Jewellery
 f - a ring of resist corrosion
 l - an amulet of faith
 n - an amulet of magic regeneration
 r - a ring of willpower
 F - an amulet of regeneration (around neck)
 G - a ring of willpower (right hand)
 J - a +6 ring of intelligence
 N - a +4 ring of evasion
 T - the ring "Nengegur" (left hand) {rElec rF+ rN+ Will+ Dex+3}
   (You found it on level 9 of the Dungeon)

   [ring of protection from fire]

   Dex:       It affects your dexterity (+3).
   rF:        It protects you from fire.
   rElec:     It insulates you from electricity.
   rN:        It protects you from negative energy.
   Will:      It increases your willpower.
 W - the ring of the Sky {rPois rC+}
   (You found it on level 10 of the Dungeon)

   [ring of protection from cold]

   rC:        It protects you from cold.
   rPois:     It protects you from poison.
 Z - a ring of positive energy
Wands
 u - a wand of flame (19)
 A - a wand of iceblast (25)
 B - a wand of paralysis (7)
 D - a wand of mindburst (13)
 P - a wand of polymorph (3)
Scrolls
 h - 3 scrolls of teleportation
 w - 3 scrolls of magic mapping
 E - 3 scrolls of silence
 I - a scroll of poison
 K - a scroll of brand weapon
 L - a scroll of fear
 M - 3 scrolls of butterflies
 X - 2 scrolls of blinking
 Y - a scroll of enchant weapon
Potions
 d - a potion of resistance {unknown}
 e - 2 potions of invisibility
 g - 2 potions of flight
 i - 7 potions of curing
 j - 4 potions of heal wounds
 k - a potion of brilliance {unknown}
 p - 3 potions of mutation
 v - a potion of degeneration {unknown}
 H - a potion of might
 Q - a potion of haste
 R - 6 potions of ambrosia
 S - a potion of cancellation


   Skills:
 + Level 12.6 Fighting
 + Level 15.2 Axes
 + Level 13.2 Armour
 + Level 4.8 Dodging
 + Level 2.4 Stealth
 + Level 8.7 Shields


You had 11 spell levels left.
You didn't know any spells.
Your spell library was empty.

Dungeon Overview and Level Annotations

Branches:
Dungeon (12/15)            Temple (0/1) D:6            Lair (2/5) D:10
  Swamp (0/4) Lair:2          Orc (0/2) D:10
  Snake: Lair:2-3    Spider: Lair:2-3

Altars:
Cheibriados
Elyvilon
Makhleb
Nemelex Xobeh
Okawaru
Ru
Uskayaw
Wu Jian
Xom
Yredelemnul

Annotations:
D:7 1 runed translucent door, Crazy Yiuf
Lair:2 PhantomBowie's ghost, adept GrBe; deadpool521's ghost, journeyman MiFi


Innate Abilities, Weirdness & Mutations

You have a pair of horns on your head.
You reflexively headbutt those who attack you in melee.
You have supernaturally acute eyesight. (SInv)
You are agile. (Dex +4, Str/Int -1)


Message History

You feel yourself slow down.
PhantomBowie's ghost hits you but does no damage.
Deadpool521's ghost hits you but does no damage.
You are poisoned.
You hit PhantomBowie's ghost but do no damage.
You headbutt PhantomBowie's ghost, but do no damage.
PhantomBowie's ghost is moderately damaged.
You hit deadpool521's ghost. You freeze deadpool521's ghost.
You feel very sick.
You hit PhantomBowie's ghost but do no damage.
PhantomBowie's ghost is moderately damaged.
You hit deadpool521's ghost but do no damage.
You feel sick. You block deadpool521's ghost's attack.
PhantomBowie's ghost hits you.
You hit PhantomBowie's ghost. You freeze PhantomBowie's ghost.
You headbutt PhantomBowie's ghost, but do no damage.
PhantomBowie's ghost is moderately damaged.
You hit deadpool521's ghost but do no damage.
You feel sick. Deadpool521's ghost hits you.
You are more poisoned.
PhantomBowie's ghost hits you but does no damage.
Your iron troll goes berserk!
You feel very sick. Deadpool521's ghost hits you!
PhantomBowie's ghost hits you!! PhantomBowie's ghost hits you!
Deadpool521's ghost hits you but does no damage.
You are more poisoned.
You feel extremely sick. PhantomBowie's ghost hits you.
There is an open translucent gate, spattered with blood here.
Deadpool521's ghost attacks as you move away!
Deadpool521's ghost hits you!!
* * * LOW HITPOINT WARNING * * *
PhantomBowie's ghost attacks as you move away!
PhantomBowie's ghost barely misses you.
You feel very sick. Deadpool521's ghost hits you!
* * * LOW HITPOINT WARNING * * *
PhantomBowie's ghost hits you!
You die...

......##......#.#...####..#......
....############.....##.##.......
#...# ##?♣⌠♣#....##.......#...
##..######8....#..#.###......#..#
##P.....#=.....#..#.......P....#.
.##..#P##♣.....'..#.P..P..P....P#
##(#.####⌠.....'T.....##..#P#P#.#
.##...#.#♣.....WW...#.##...##....
........#.....)#@.#.#P##...###...
#.##...###8....#..###.P#...P#...#
######.####)♣⌠♣##.#.PP##...P#....
####.##### ##....##..#P#.P##
#######....#.####..#....P.P..##.
#..##.......#.##..###....#P..###
##.............#..## #....#....##
#P...####.#P#.....# #......##>.#
##......#####.....# ##....##....


You could see PhantomBowie's ghost (ally target), deadpool521's ghost and a
friendly iron troll (summoned, berserk).

Vanquished Creatures
  Gastronok (D:10)
  The ghost of Renzlar the Blocker, a journeyman GnFi of Okawaru (D:9)
  Harold (D:9)
  A hydra (D:11)
  The ghost of hawla the Thaumaturge, a journeyman MeIE of Vehumet (D:9)
  A two-headed ogre (D:8)
  The ghost of Kazon the Trooper, a novice OgGl (D:9)
  Amaemon (Lair:2)
  3 bog bodies (Lair:2)
  Pikel (D:5)
  A black mamba (Lair:1)
  3 cane toads
  An orange demon (Lair:2)
  A komodo dragon (Lair:1)
  A queen bee (Lair:1)
  2 trolls
  3 polar bears (Lair:2)
  4 blink frogs (Lair:1)
  Sigmund (D:5)
  2 shadows
  14 yaks
  3 wraiths
  6 wyverns
  2 basilisks
  10 water moccasins
  A sky beast (D:6)
  2 ice beasts
  4 black bears
  2 orc warriors
  5 wolves (Lair:2)
  7 centaurs
  A kobold brigand (D:4)
  7 bullfrogs
  3 scorpions
  24 wights
  31 killer bees
  2 electric eels (Lair:2)
  2 howler monkeys
  2 jellies
  A crimson imp (D:4)
  7 hounds
  A gnoll bouda (D:4)
  7 orc priests
  6 iguanas
  Jessica (D:2)
  5 orc wizards
  Robin (D:4)
  15 gnolls (D:4)
  11 adders
  3 white imps
  An ufetubus (D:5)
  2 worms
  4 dart slugs
  52 orcs
  8 endoplasms
  6 giant cockroaches
  16 goblins
  8 hobgoblins
  15 jackals
  4 quokkas
  6 ball pythons
  5 bats
  3 frilled lizards
  5 kobolds
  4 rats
356 creatures vanquished.

Vanquished Creatures (others)
  3 fungi
  11 plants
  4 withered plants (D:9)
18 creatures vanquished.

Grand Total: 374 creatures vanquished

Notes
Turn   | Place    | Note
-------+----------+-------------------------------------------
     0 | D:1      | boopmooplesden the Minotaur Berserker began the quest for
                  | the Orb.
     0 | D:1      | Reached XP level 1. HP: 19/19 MP: 0/0
    36 | D:1      | Reached skill level 4 in Axes
    36 | D:1      | Reached XP level 2. HP: 12/27 MP: 1/1
   643 | D:1      | Reached ** piety under Trog
   647 | D:1      | Reached XP level 3. HP: 22/33 MP: 2/2
   871 | D:1      | Found a faded altar of an unknown god.
  1551 | D:2      | Noticed Jessica
  1558 | D:2      | Killed Jessica
  1559 | D:2      | Reached XP level 4. HP: 36/41 MP: 3/3
  1672 | D:2      | Found a burning altar of Makhleb.
  2036 | D:3      | Identified the +9 dagger of Parts Unknown {vorpal, rElec
                  | rCorr Dex-3 SInv}
  2192 | D:3      | Found a snail-covered altar of Cheibriados.
  2440 | D:3      | Reached *** piety under Trog
  2549 | D:3      | Found a broken altar of Ashenzari.
  2552 | D:3      | Found a shimmering altar of Xom.
  2552 | D:3      | Found an opulent altar of Gozag.
  2554 | D:3      | Found a basalt altar of Yredelemnul.
  2554 | D:3      | Found a sparkling altar of Nemelex Xobeh.
  2554 | D:3      | Found a shimmering altar of Xom.
  2555 | D:3      | Reached XP level 5. HP: 47/47 MP: 4/4
  2559 | D:3      | Reached skill level 5 in Axes
  2842 | D:4      | Noticed Robin
  2856 | D:4      | Killed Robin
  3093 | D:4      | Reached XP level 6. HP: 52/55 MP: 5/5
  3099 | D:4      | Reached skill level 6 in Axes
  3184 | D:4      | Reached skill level 1 in Stealth
  3502 | D:4      | Reached skill level 5 in Fighting
  3503 | D:4      | Identified the +7 hand axe "Death Rattle" {freeze, rPois}
  3604 | D:4      | Reached **** piety under Trog
  3638 | D:4      | Reached XP level 7. HP: 27/61 MP: 6/6
  3670 | D:4      | Reached skill level 7 in Axes
  4255 | D:4      | Reached skill level 1 in Shields
  4592 | D:5      | Entered Level 5 of the Dungeon
  4611 | D:5      | Noticed Sigmund
  4618 | D:5      | Killed Sigmund
  4619 | D:5      | Reached skill level 8 in Axes
  4619 | D:5      | Reached skill level 5 in Armour
  4627 | D:5      | Reached XP level 8. HP: 46/70 MP: 7/7
  4843 | D:5      | Noticed Pikel
  4856 | D:5      | Killed Pikel
  4857 | D:5      | Reached skill level 9 in Axes
  4864 | D:5      | Identified the +1 morningstar of Broken Luck {vorpal, rPois
                  | rC++}
  5256 | D:5      | Found a sacrificial altar of Ru.
  6010 | D:6      | Identified the +1 pair of boots of the Well-Known Yaks
                  | {Int+6}
  6017 | D:6      | Reached skill level 10 in Axes
  6033 | D:6      | Reached XP level 9. HP: 78/78 MP: 8/8
  6321 | D:6      | Found an ornate altar of the Wu Jian Council.
  6362 | D:6      | Found an iron altar of Okawaru.
  6472 | D:6      | Found a staircase to the Ecumenical Temple.
  6828 | D:7      | Reached skill level 11 in Axes
  7322 | D:7      | Found a runed translucent door.
  7323 | D:7      | Noticed Crazy Yiuf
  7795 | D:8      | Noticed a two-headed ogre
  7806 | D:8      | Reached ***** piety under Trog
  7825 | D:8      | Killed a two-headed ogre
  7826 | D:8      | Reached XP level 10. HP: 49/88 MP: 9/9
  7834 | D:8      | Reached skill level 12 in Axes
  8786 | D:8      | Found a burning altar of Makhleb.
  9291 | D:9      | Reached skill level 5 in Shields
  9722 | D:9      | Found a runed translucent gate.
  9722 | D:9      | Found a runed translucent gate.
  9722 | D:9      | Found a runed translucent gate.
  9728 | D:9      | Noticed Renzlar's ghost (journeyman GnFi)
  9728 | D:9      | Noticed Kazon's ghost (novice OgGl)
  9728 | D:9      | Noticed hawla's ghost (journeyman MeIE)
  9889 | D:9      | Reached skill level 10 in Armour
 10498 | D:9      | Noticed Harold
 10511 | D:9      | Killed Harold
 10692 | D:9      | Killed hawla's ghost
 10703 | D:9      | Killed Renzlar's ghost
 10704 | D:9      | Reached skill level 13 in Axes
 10704 | D:9      | Reached XP level 11. HP: 97/97 MP: 10/10
 10705 | D:9      | Killed Kazon's ghost
 10722 | D:9      | Identified the ring "Nengegur" {rElec rF+ rN+ Will+ Dex+3}
 10811 | D:10     | Entered Level 10 of the Dungeon
 10854 | D:10     | Noticed a +0 dagger
 10854 | D:10     | Noticed a +0 dagger
 10855 | D:10     | Noticed a +0 short sword
 10881 | D:10     | Noticed a +0 falchion
 10881 | D:10     | Noticed a +0 short sword
 10885 | D:10     | Noticed a +0 falchion
 10894 | D:10     | Received a gift from Trog
 10899 | D:10     | Reached skill level 10 in Fighting
 10908 | D:10     | Noticed a +0 spear
 10910 | D:10     | Noticed a +0 spear
 10920 | D:10     | Found a hide-covered altar of Uskayaw.
 10933 | D:10     | Found a white marble altar of Elyvilon.
 10973 | D:10     | Noticed Gastronok
 10994 | D:10     | Killed Gastronok
 11121 | D:10     | Reached skill level 14 in Axes
 11238 | D:10     | Found a staircase to the Lair.
 11251 | D:10     | Identified the ring of the Sky {rPois rC+}
 11438 | D:10     | Found a staircase to the Orcish Mines.
 11799 | D:11     | Noticed a four-headed hydra
 11807 | D:11     | Killed an eight-headed hydra
 11906 | D:11     | Noticed a skeletal warrior
 11907 | D:11     | Noticed a skeletal warrior
 11908 | D:11     | Noticed a skeletal warrior
 11948 | D:12     | Noticed a skeletal warrior
 11948 | D:12     | Noticed a skeletal warrior
 11948 | D:12     | Noticed a skeletal warrior
 11948 | D:12     | Noticed a skeletal warrior
 11948 | D:12     | Noticed a skeletal warrior
 11985 | Lair:1   | Entered Level 1 of the Lair of Beasts
 12066 | Lair:1   | Reached XP level 12. HP: 110/110 MP: 11/11
 12314 | Lair:1   | Reached skill level 15 in Axes
 12471 | Lair:1   | Gained mutation: You have supernaturally acute eyesight.
                  | (SInv) [potion of mutation]
 12471 | Lair:1   | Gained mutation: You are agile. (Dex +4, Str/Int -1)
                  | [potion of mutation]
 13819 | Lair:2   | Found a runed translucent gate.
 13820 | Lair:2   | Found a runed translucent gate.
 13821 | Lair:2   | Found a runed translucent gate.
 13822 | Lair:2   | Noticed deadpool521's ghost (journeyman MiFi)
 13822 | Lair:2   | Noticed PhantomBowie's ghost (adept GrBe)
 14019 | Lair:2   | Noticed Amaemon
 14026 | Lair:2   | Killed Amaemon
 14201 | Lair:2   | Found a staircase to the Swamp.
 14422 | Lair:2   | HP: 4/113 [deadpool521's ghost (7)]
 14422 | Lair:2   | Mangled by PhantomBowie's ghost

Illustrated notes

Levels and vault maps discovered:
D:1:      minmay_arrival_stair_chambers, layout_basic,
          shapermc_ecumenical_altar_pompeii, minmay_hexomino_c4
D:2:      layout_rooms, basic_altar, st_stairs_9, uniq_jessica
D:3:      layout_rooms, doesnt_xom_only_xom, mainiacjoe_overflow_brackets
D:4:      lemuel_castle_with_subvaults [lemuel_castle_interior_carwin_3],
          layout_basic, minmay_fire_ice_demons, uniq_robin
D:5:      minmay_general_purpose_star, layout_basic,
          nicolae_ru_great_annihilating_truth, uniq_pikel, uniq_sigmund
D:6:      layout_rooms, kennysheep_okawaru_gauntlet,
          nicolae_wu_jian_glorious_leap, minmay_temple_entry_slanted
D:7:      layout_basic, minmay_misc_feat_doors, st_stairs_11,
          uniq_crazy_yiuf_cottage
D:8:      layout_loops_ring, bloody_makhleb
D:9:      layout_layer_cave, gammafunk_ghost_cemetery, minmay_misc_feat_roman,
          chequers_serial_rivers_room_a, uniq_harold
D:10:     layout_loops_ring, nicolae_uskayaw_en_pointe,
          nicolae_overflow_crystal_walls, minmay_lair_entry_grove,
          hiddenorc1_lemuel, uniq_gastronok
D:11:     layout_rooms, grunt_decor_fettered
D:12:     wander_river, layout_stronghold, serial_bayou_ford_a
Lair:1:   layout_layer_cave, serial_rivers, chequers_serial_rivers_micro_a,
          chequers_serial_rivers_room_b, chequers_serial_rivers_large_a,
          chequers_serial_rivers_room_b, chequers_serial_rivers_large_b,
          special_room [special_room_bee]
Lair:2:   layout_layer_cave, nicolae_swamp_entry_splash_gauntlet,
          gammafunk_ghost_cemetery, minivault_23, cheibrodos_lair_lostbears,
          lemuel_fruit_fields, serial_bayou_shore_a, uniq_amaemon

Skill      XL: |  1  2  3  4  5  6  7  8  9 10 11 12 |
---------------+-------------------------------------+-----
Axes           | 4 5 6 8 10 11 13 14 15 | 15.2
Fighting       | 4 5 6 8 9 11 12 | 12.6
Armour         | 3 5 6 8 11 12 13 | 13.2
Dodging        | 3 4 |  4.8
Stealth        | 1 2 |  2.4
Shields        | 1 2 4 6 7 8 |  8.7

Action                   |  1- 3 |  4- 6 |  7- 9 | 10-12 || total
-------------------------+-------+-------+-------+-------++-------
Melee: Hand axe          |    61 |   145 |   203 |   473 ||   882
       Headbutt          |    10 |    22 |    36 |    92 ||   160
Invok: Berserk           |       |     2 |     2 |     6 ||    10
       Trog's Hand       |       |       |       |     1 ||     1
       Brothers in Arms  |       |       |       |     1 ||     1
  Use: Scroll            |     6 |     4 |     5 |    13 ||    28
       Potion            |       |       |       |     1 ||     1
 Stab: Paralysed         |       |       |     1 |       ||     1
Armor: Animal skin       |    15 |       |       |       ||    15
       Chain mail        |       |    90 |    10 |       ||   100
       Plate armour      |       |       |    81 |   283 ||   364
Dodge: Dodged            |    45 |    77 |    76 |   169 ||   367
Block: Buckler           |       |    21 |    32 |   106 ||   159
